 Dungeon Crawl Stone Soup version 0.29-a0-802-g34511f41fd (webtiles) character file.

Game seed: 8917879244646698784

30 gobodom the Grave Robber (level 3, -4/24 HPs)
             Began as a Demonspawn Necromancer on July 4, 2022.
             Slain by a black bear (7 damage)
             ... on level 2 of the Dungeon.
             The game lasted 00:02:52 (1592 turns).

gobodom the Grave Robber (Demonspawn Necromancer)   Turns: 1592, Time: 00:02:52

Health: -4/24      AC:  3    Str: 10    XL:     3   Next: 5%
Magic:  0/6        EV: 12    Int: 16    God:
Gold:   51         SH:  0    Dex: 13    Spells: 6/7 levels left

rFire   . . .      SeeInvis .   (no weapon)
rCold   . . .      Faith    .   (no shield)
rNeg    . . .      Spirit   .   a - +0 robe
rPois   .          Reflect  .   (no helmet)
rElec   .          Harm     .   (no cloak)
rCorr   .          Rampage  .   (no gloves)
Will    +....                   d - +0 pair of boots
Stlth   ++........              (no amulet)
HPRegen 0.08/turn               f - ring of willpower
MPRegen 0.10/turn               (no ring)

@: no status effects
A: weakness stinger 1
a: no special abilities


You were on level 2 of the Dungeon.
You visited 1 branch of the dungeon, and saw 2 of its levels.

You collected 51 gold pieces.

Inventory:

Missiles
 m - 6 poisoned darts
Armour
 a - a +0 robe (worn)
 d - a +0 pair of boots (worn)
Jewellery
 f - a ring of willpower (left hand)
 j - an amulet of guardian spirit
Scrolls
 e - 2 scrolls of identify {unknown}
 i - a scroll of fear {unknown}
 l - a scroll of teleportation {unknown}
Potions
 b - a potion of magic
 c - a potion of cancellation {unknown}
 g - a potion of berserk rage {unknown}
 h - 2 potions of curing {unknown}
 k - a potion of haste {unknown}
 n - a potion of might {unknown}


   Skills:
 + Level 1.8 Dodging
 + Level 1.8 Stealth
 + Level 0.2 Unarmed Combat
 + Level 2.6 Spellcasting
 + Level 5.0 Necromancy


You had 6 spell levels left.
You knew the following spells:

 Your Spells              Type           Power      Damage    Failure   Level
a - Necrotise             Necr           72%        1d7       2%          1

Your spell library contained the following spells:

 Spells                   Type           Power      Damage    Failure   Level
 Vampiric Draining        Necr           18%        2d7       8%          3
 Animate Dead             Necr           18%        N/A       26%         4
 Poisonous Vapours        Pois/Air       4%         N/A       30%         2
 Agony                    Necr           18%        N/A       56%         5
 Corpse Rot               Necr/Pois/Air  7%         N/A       69%         4


Dungeon Overview and Level Annotations

Branches:
Dungeon (2/15)

Altars:


Innate Abilities, Weirdness & Mutations

You have a small tail.


Message History

The black bear attacks as you move away!
The black bear bites you. The black bear claws you. x2
Casting: Necrotise (safe; 2% risk of failure)
Confirm with . or Enter, or press ? or * to list all spells.
You don't have enough magic to cast this spell.
Unknown command.
Casting: Necrotise (safe; 2% risk of failure)
Confirm with . or Enter, or press ? or * to list all spells.
You don't have enough magic to cast this spell.
The rat twitches its whiskers.
The rat bites your hobgoblin skeleton.
The black bear attacks as you move away!
The black bear misses you. The black bear barely misses you.
The black bear claws you.
A bat comes into view.
The black bear attacks as you move away!
The black bear bites you.
* * * LOW HITPOINT WARNING * * *
The black bear claws you.
* * * LOW HITPOINT WARNING * * *
The black bear claws you but does no damage.
Something bites your hobgoblin skeleton.
Casting: Necrotise (safe; 2% risk of failure)
Confirm with . or Enter, or press ? or * to list all spells.
Aiming: Necrotise (safe; 2% risk of failure)
Press: ? - help, Shift-Dir - straight line, f/p - black bear
Aim: a black bear (heavily wounded, ally target, chance to affect: 76%)
The black bear writhes in agony.
The black bear bites you.
* * * LOW HITPOINT WARNING * * *
The black bear misses you. The black bear closely misses you.
You barely miss the black bear.
The black bear is severely wounded.
The black bear misses you. The black bear closely misses you. x2
You barely miss the black bear. You tail-slap the black bear.
The black bear is almost dead.
Your hobgoblin skeleton hits the black bear but does no damage.
You hit the black bear but do no damage.
The black bear is almost dead.
The black bear bites you!
You die...

###########.#
#....#.#.#####
............#
######.#.#..#
..........###
####.#....#
.......<..#
#....#.#...)
..........#
#.#....####.
..........# #.#.#....#
...........# ###
#.#.#..#.#
#+####+###.#####.#
#......#.# #>....@.#
###.......# #######h#
..#..#.#..# #######Z#
#.##......#
#b.....r#.#.#....#...#
#+####....#.#.#..###.#
#.####.#...(###.# .
#.# #.#......# # ...
#.####.....##.#
#!...###...#.##......#


You could see a black bear (ally target), a rat (distracted) and a friendly
hobgoblin skeleton.

Vanquished Creatures
  A dart slug (D:2)
  2 ball pythons (D:1)
  A bat (D:1)
  An endoplasm (D:1)
  3 goblins (D:1)
  7 hobgoblins
  2 jackals (D:1)
  A kobold (D:1)
  3 frilled lizards
  2 rats
23 creatures vanquished.

Vanquished Creatures (collateral kills)
  A frilled lizard (D:1)
  A kobold (D:1)
2 creatures vanquished.

Grand Total: 25 creatures vanquished

Notes
Turn   | Place    | Note
-------+----------+-------------------------------------------
     0 | D:1      | gobodom the Demonspawn Necromancer began the quest for the
                  | Orb.
     0 | D:1      | Reached XP level 1. HP: 13/13 MP: 3/3
   264 | D:1      | Discovered your monstrous ancestry.
   264 | D:1      | Gained mutation: You have a small tail. [demonic ancestry]
   264 | D:1      | Reached XP level 2. HP: 19/19 MP: 1/5
  1240 | D:2      | Reached skill level 5 in Necromancy
  1486 | D:2      | Reached XP level 3. HP: 17/24 MP: 1/6
  1577 | D:2      | Noticed a black bear
  1592 | D:2      | Slain by a black bear

Illustrated notes

Levels and vault maps discovered:
D:1:      ncdulo_wetmaze, layout_basic
D:2:      layout_basic, hangedman_decor_points

Skill      XL: |  1  2 |
---------------+-------+-----
Necromancy     | 5 |  5.0
Dodging        | |  1.8
Stealth        | |  1.8
Unarmed Combat | |  0.2
Spellcasting   | |  2.6

Action                   || total
-------------------------++-------
Melee: Unarmed           ||    21
       Tailslap          ||     3
 Cast: Necrotise         ||    45
Armor: Robe              ||     9
Dodge: Dodged            ||    22

Table legend: (Time is in decaauts)
 A = Elapsed time spent in this place.
 B = Non-inter-level travel time spent in this place.
 C = Inter-level travel time spent in this place.
 D = Time resting spent in this place.
 E = Time spent auto-exploring this place.
 F = Levels seen in this place.
 G = Mean time per level.
                   A        B        C        D        E       F      G
               +--------+--------+--------+--------+--------+-----+--------+
         Total |   1601 |   1548 |     53 |      0 |   1365 |   2 |  800.5 |
       Dungeon |   1601 |   1548 |     53 |      0 |   1365 |   2 |  800.5 |
               +--------+--------+--------+--------+--------+-----+--------+

Top non-repeatable levels by time:
     D:1: 1246 daAuts
     D:2: 354 daAuts
